 Dungeon Crawl Stone Soup version 0.23-a0-78-gc252fe1 (webtiles) character file.

22997 qdestroyer the Severer (level 12, 0/110 HPs)
             Began as a Minotaur Fighter on Aug 10, 2018.
             Was an Elder of Trog.
             Killed from afar by a frost giant (15 damage)
             ... with a bolt of cold
             ... on level 12 of the Dungeon.
             The game lasted 00:48:14 (16351 turns).

qdestroyer the Severer (Minotaur Fighter)          Turns: 16351, Time: 00:48:15

Health: 0/110      AC: 24    Str: 25    XL:     12   Next: 67%
Magic:  11/11      EV:  7    Int:  5    God:    Trog [****..]
Gold:   780        SH: 13    Dex: 11    Spells: 11/11 levels left

rFire    . . .     SeeInvis .   S - +4 broad axe (chop)
rCold    . . .     Gourm    .   c - +1 shield
rNeg     + . .     Faith    .   r - +2 plate armour
rPois    .         Spirit   .   L - +1 hat
rElec    .         Reflect  .   B - +2 cloak
rCorr    .         Harm     .   v - +0 pair of gloves
MR       .....                  e - +0 pair of boots
Stlth    ..........             (no amulet)
HPRegen  0.28/turn              m - +4 ring of slaying
MPRegen  0.12/turn              F - ring of positive energy

@: lethally poisoned (0 -> 0), berserk cooldown, hasted and slowed
A: retaliatory headbutt, horns 2
a: Berserk, Trog's Hand, Brothers in Arms, Renounce Religion


You were on level 12 of the Dungeon.
You worshipped Trog.
Trog was greatly pleased with you.
You were not hungry.

You visited 2 branches of the dungeon, and saw 13 of its levels.
You also visited: Labyrinth and Ossuary.

You collected 780 gold pieces.

Inventory:

Hand Weapons
 S - a +4 broad axe of chopping (weapon)
Armour
 c - a +1 shield (worn)
 e - a +0 pair of boots (worn)
 r - a +2 plate armour (worn)
 v - a +0 pair of gloves (worn)
 B - a +2 cloak (worn)
 L - a +1 hat (worn)
 U - the cursed +0 scale mail of Pride {rElec rN+ Int+2, unknown}
   (You found it in a labyrinth)

   It affects your intelligence (+2).
   It insulates you from electricity.
   It protects you from negative energy.
   It has a curse placed upon it.
Jewellery
 m - a +4 ring of slaying (left hand)
 s - an uncursed amulet of guardian spirit {unknown}
 z - an uncursed amulet of harm {unknown}
 C - a +4 amulet of reflection {unknown}
 F - a ring of positive energy (right hand)
 I - an uncursed ring of flight {unknown}
 K - a cursed ring of attention {unknown}
 O - a +3 ring of dexterity
 R - a +2 ring of dexterity
Wands
 b - a wand of flame (51)
 u - a wand of disintegration (9)
 x - a wand of paralysis (33)
 y - a wand of scattershot (8)
 N - a wand of polymorph (15)
 Q - a wand of digging (21)
Scrolls
 g - 7 scrolls of remove curse
 w - 3 scrolls of fear
 J - a scroll of enchant armour
 P - a scroll of fog
Potions
 d - a potion of might
 h - a potion of berserk rage
 i - a potion of haste
 j - 3 potions of agility
 k - a potion of ambrosia
 l - 4 potions of brilliance
 n - 2 potions of cancellation
 o - a potion of mutation
 p - 6 potions of curing
 q - 2 potions of invisibility
 t - 2 potions of flight
 A - 5 potions of lignification
 D - a potion of degeneration {unknown}
 G - 2 potions of magic
 H - 3 potions of heal wounds
Miscellaneous
 V - a lightning rod (2/4)
Comestibles
 f - 11 rations


   Skills:
 + Level 11.2 Fighting
 + Level 16.6 Axes
 + Level 11.7 Armour
 + Level 2.2 Dodging
 + Level 0.4 Stealth
 + Level 10.7 Shields


You had 11 spell levels left.
You didn't know any spells.
Your spell library was empty.

Dungeon Overview and Level Annotations

Branches:
Dungeon (12/15)            Temple (1/1) D:5            Lair (0/6) D:8
    Orc (0/2) D:12

Altars:
Cheibriados
Dithmenos
Elyvilon
Fedhas
Gozag
Makhleb
Nemelex Xobeh
Ru
Sif Muna
Trog
Uskayaw
Vehumet
Wu Jian
Xom
Yredelemnul
The Shining One
Beogh


Innate Abilities, Weirdness & Mutations

You reflexively headbutt those who attack you in melee.
You have a pair of horns on your head.


Message History

You block the four-headed hydra's attack.
The four-headed hydra bites you but does no damage.
You feel sick.
The four-headed hydra bites you but does no damage.
You block the four-headed hydra's attack.
The four-headed hydra bites you but does no damage.
You block the four-headed hydra's attack.
The frost giant casts a spell at you. The bolt of cold hits you!
* * * LOW HITPOINT WARNING * * *
The four-headed hydra closely misses you.
The four-headed hydra bites you!
* * * LOW HITPOINT WARNING * * *
The four-headed hydra bites you.
* * * LOW HITPOINT WARNING * * *
You block the four-headed hydra's attack.
You feel yourself speed up.
You feel sick. The frost giant casts a spell at you. The bolt of cold hits you!
You die...

#...(# #....# #....#
#...T## #...O.# #....C##
#.....H###
#.....CD.################
##......@.:..............
#.......................
#####
##..................[...
....#
###.................†..
...)#####
###################.†
....'...# ### #######.# #
...#..#.# ...#....#


You could see a frost giant, a four-headed hydra, an ettin, an ogre mage, a
manticore and a troll.

Vanquished Creatures
  Gastronok (D:10)
  A minotaur (Lab)
  The ghost of hollowman the Severer, a journeyman MiBe of Trog (D:10)
  A hydra (D:12)
  3 two-headed ogres
  An unseen horror (D:12)
  A deep elf mage (D:12)
  An ugly thing (D:11)
  A manticore (D:12)
  A cyclops (D:11)
  2 centaur zombies (D:12)
  Maurice (D:8)
  4 gargoyles (Lab)
  2 minotaur zombies (Lab)
  Prince Ribbit (D:7)
  3 slime creatures (D:12)
  A hippogriff (D:8)
  A shadow (D:12)
  12 yaks
  2 redbacks (Lab)
  A wyvern (D:11)
  A human (D:10)
  2 wraiths
  3 hogs (D:10)
  A steam dragon (D:10)
  6 hungry ghosts
  Edmund (D:6)
  A water moccasin (D:8)
  2 hell hounds (D:8)
  Duvessa (D:7)
  A black bear (D:7)
  10 orc warriors
  A necrophage (D:7)
  3 phantoms
  2 ice beasts (D:12)
  3 ogres
  An eye of draining (D:11)
  6 sky beasts
  13 centaurs
  A crocodile (D:12)
  2 big kobolds (D:12)
  9 bullfrogs
  A wyvern zombie (D:12)
  Dowan (D:7)
  3 scorpions
  A wyvern skeleton (D:11)
  8 killer bees
  3 wights (D:2)
  A spriggan skeleton (Lab)
  A howler monkey (D:5)
  2 crimson imps
  2 quasits
  4 jellies
  7 orc priests
  7 hounds
  A bullfrog skeleton (D:6)
  Crazy Yiuf (D:5)
  8 orc wizards
  6 centaur skeletons
  Ijyb (D:4)
  2 iguanas
  10 worker ants
  A big kobold zombie (Ossuary)
  A hound zombie (D:5)
  3 mummies (Ossuary)
  A howler monkey zombie (D:10)
  7 gnolls
  15 adders
  3 shadow imps
  An ooze (D:1)
  An adder zombie (D:7)
  3 worms
  3 dart slugs
  4 leopard geckos
  42 orcs
  2 ball pythons
  8 giant cockroaches
  2 gnoll zombies (Ossuary)
  7 goblins
  6 hobgoblins
  7 jackals
  5 quokkas
  A ball python skeleton (D:5)
  5 bats
  5 frilled lizards
  4 goblin zombies (Ossuary)
  3 hobgoblin zombies (Ossuary)
  A jackal skeleton (D:5)
  13 kobolds
  A leopard gecko skeleton (D:6)
  7 rats
  4 plants (Lab)
348 creatures vanquished.

Vanquished Creatures (others)
  3 killer bees (D:12)
  2 plants (Lab)
5 creatures vanquished.

Grand Total: 353 creatures vanquished

Notes
Turn   | Place    | Note
-------+----------+-------------------------------------------
     0 | D:1      | qdestroyer the Minotaur Fighter began the quest for the Orb.
     0 | D:1      | Reached XP level 1. HP: 19/19 MP: 0/0
   353 | D:1      | Reached XP level 2. HP: 27/27 MP: 1/1
   576 | D:1      | Reached XP level 3. HP: 33/33 MP: 2/2
   767 | D:2      | Reached skill level 3 in Axes
   869 | D:2      | Reached skill level 4 in Axes
   869 | D:2      | Reached XP level 4. HP: 22/40 MP: 3/3
  1163 | D:2      | Reached XP level 5. HP: 14/47 MP: 4/4
  1512 | D:2      | Reached skill level 5 in Axes
  1537 | D:2      | Reached skill level 1 in Dodging
  1907 | D:3      | Reached XP level 6. HP: 51/53 MP: 5/5
  2315 | D:4      | Noticed Ijyb
  2326 | D:4      | Killed Ijyb
  2426 | D:4      | Reached skill level 6 in Axes
  2426 | D:4      | Reached skill level 5 in Armour
  2666 | D:4      | Reached skill level 5 in Shields
  2666 | D:4      | Reached XP level 7. HP: 52/60 MP: 6/6
  2745 | D:5      | Entered Level 5 of the Dungeon
  2756 | D:5      | Reached skill level 5 in Fighting
  2762 | D:5      | Reached skill level 7 in Axes
  2964 | D:5      | Reached XP level 8. HP: 50/70 MP: 7/7
  2970 | D:4      | Reached skill level 8 in Axes
  3323 | D:5      | Found a staircase to the Ecumenical Temple.
  3332 | Temple   | Entered the Ecumenical Temple
  3356 | Temple   | Became a worshipper of Trog the Wrathful
  3585 | D:5      | Found a runed door.
  3590 | D:5      | Noticed Crazy Yiuf
  3596 | D:5      | Killed Crazy Yiuf
  3695 | D:6      | Found a deep blue altar of Sif Muna.
  3695 | D:6      | Found a shimmering altar of Xom.
  3803 | D:6      | Found a radiant altar of Vehumet.
  3841 | D:6      | Reached skill level 9 in Axes
  3841 | D:6      | Noticed Edmund
  3855 | D:6      | Killed Edmund
  4262 | D:7      | Noticed Prince Ribbit
  4265 | D:7      | Reached XP level 9. HP: 72/78 MP: 8/8
  4273 | D:7      | Killed Prince Ribbit
  4273 | D:7      | Reached skill level 10 in Axes
  4291 | D:7      | Reached * piety under Trog
  4660 | D:7      | Noticed Duvessa
  4662 | D:7      | Noticed Dowan
  4664 | D:7      | Killed Duvessa
  4666 | D:7      | Killed Dowan
  4990 | D:7      | Reached skill level 11 in Axes
  5284 | D:8      | Found a staircase to the Lair.
  5368 | D:8      | Found a faded altar of an unknown god.
  5368 | D:8      | Found a snail-covered altar of Cheibriados.
  5376 | D:8      | Found an ornate altar of the Wu Jian Council.
  5378 | D:8      | Found a faded altar of an unknown god.
  5380 | D:8      | Found a basalt altar of Yredelemnul.
  5628 | D:8      | Noticed Maurice
  5635 | D:8      | Killed Maurice
  5750 | D:8      | Found a blossoming altar of Fedhas.
  5842 | D:8      | Reached XP level 10. HP: 88/88 MP: 9/9
  5852 | D:8      | Found a sand-covered staircase.
  5859 | Ossuary  | Entered an ossuary
  6656 | D:9      | Reached skill level 12 in Axes
  6722 | D:9      | Reached ** piety under Trog
  6776 | D:9      | Noticed a hand axe
  6777 | D:9      | Found a hide-covered altar of Uskayaw.
  6777 | D:9      | Noticed a hand axe
  7218 | D:10     | Entered Level 10 of the Dungeon
  7449 | D:10     | Noticed a two-headed ogre
  7460 | D:10     | Killed a two-headed ogre
  7460 | D:10     | Reached skill level 13 in Axes
  7492 | D:10     | Noticed Gastronok
  7515 | D:10     | Killed Gastronok
  7515 | D:10     | Reached XP level 11. HP: 76/97 MP: 10/10
  7885 | D:10     | Found a runed door.
  7886 | D:10     | Noticed hollowman's ghost (journeyman MiBe)
  7901 | D:10     | Killed hollowman's ghost
  7966 | D:10     | Reached skill level 14 in Axes
  8097 | D:11     | Noticed a brown ugly thing
  8112 | D:11     | Killed a brown ugly thing
  8365 | D:11     | Reached *** piety under Trog
  8475 | D:11     | Reached skill level 10 in Armour
  8476 | D:11     | Noticed a two-headed ogre
  8491 | D:11     | Killed a two-headed ogre
  8933 | D:11     | Noticed a two-headed ogre
  8939 | D:11     | Killed a two-headed ogre
  8939 | D:11     | Reached skill level 15 in Axes
  9187 | D:11     | Reached skill level 10 in Fighting
  9618 | D:12     | Reached **** piety under Trog
  9638 | D:12     | Found a labyrinth entrance.
  9645 | Lab      | Entered a labyrinth
  9723 | Lab      | Reached skill level 10 in Shields
  9955 | Lab      | Reached XP level 12. HP: 101/107 MP: 11/11
 15638 | Lab      | Noticed a minotaur
 15652 | Lab      | Killed a minotaur
 15934 | Lab      | Got a steaming scale mail
 16000 | D:12     | Found a roughly hewn altar of Beogh.
 16000 | D:12     | Found a staircase to the Orcish Mines.
 16127 | D:12     | Reached skill level 16 in Axes
 16157 | D:12     | Noticed a five-headed hydra
 16166 | D:12     | Killed an eight-headed hydra
 16322 | D:12     | Noticed an ogre mage
 16323 | D:12     | Noticed a four-headed hydra
 16324 | D:12     | Noticed a frost giant
 16327 | D:12     | Noticed an ettin
 16351 | D:12     | Killed from afar by a frost giant

Vault maps used:
D:1:      sevenhm_arrival_forest_fort_large_1
D:2:      first_ration
D:4:      nicolae_overflow_hidden_temple, uniq_ijyb
D:5:      minmay_temple_entry_trees, uniq_crazy_yiuf_cottage
D:6:      vehumet_altar_wand_db, gammafunk_temple_overflow_elements, uniq_edmund
D:7:      uniq_duvessa, uniq_prince_ribbit1
D:8:      chequers_temple_overflow_minitemple, lemuel_coloured_pillars_altar,
          minmay_lair_entry_lava, nicolae_ossuary_entry_monument, uniq_maurice
D:9:      dancing_weapons_uskayaw
D:10:     gammafunk_ghost_grave, grunt_livestock, uniq_gastronok
D:12:     minmay_nested_s, david_orc_5, lab_entry_generic
Temple:   nicolae_temple_god_jail
Lab:      labyrinth_hidden_loot, labyrinth_glass_1, labyrinth_skeletal_remains,
          nicolae_lab_garden, lab_block, nicolae_lab_x, nicolae_lab_blocks
Ossuary:  ossuary_kennysheep_city_of_the_dead

Skill      XL: |  1  2  3  4  5  6  7  8  9 10 11 12 |
---------------+-------------------------------------+-----
Fighting       | 4 5 6 7 9 10 11 | 11.2
Shields        | 4 5 6 7 8 9 10 | 10.7
Armour         | 4 5 6 8 9 10 11 | 11.7
Axes           | 4 5 6 7 9 11 13 15 16 | 16.6
Dodging        | 1 2 |  2.2
Stealth        | |  0.4

Action                   |  1- 3 |  4- 6 |  7- 9 | 10-12 || total
-------------------------+-------+-------+-------+-------++-------
Melee: War axe           |    67 |   125 |   200 |   421 ||   813
       Headbutt          |     8 |    18 |    45 |   144 ||   215
       Broad axe         |       |       |       |   120 ||   120
Invok: Berserk           |       |       |       |     8 ||     8
Evoke: Lightning rod     |       |       |       |     2 ||     2
  Use: Scroll            |     5 |     7 |    10 |    20 ||    42
       Potion            |       |       |     1 |     2 ||     3
  Eat: Chunk             |       |     4 |     3 |       ||     7
       Ration            |       |     1 |     2 |    14 ||    17
Armor: Scale mail        |    25 |    35 |       |       ||    60
       Plate armour      |       |    10 |   145 |   192 ||   347
Dodge: Dodged            |    20 |    23 |    40 |    73 ||   156
Block: Shield            |    27 |    58 |   128 |   254 ||   467

Table legend:
 A = Non-vault XP
 B = Vault XP
 C = Vault XP percentage of total XP
 D = Non-vault monster count
 E = Vault monster count
 F = Vault count percentage of total count
 G = Total turns spent on level
                 A         B        C        D         E       F
            +---------+---------+-------+---------+---------+-------
      Total |   16784 |   16069 |  48.9 |     249 |      96 |  27.8
            +---------+---------+-------+---------+---------+-------
        D:1 |      43 |       2 |   4.4 |      21 |       2 |   8.7
        D:2 |     289 |       0 |   0.0 |      22 |       0 |   0.0
        D:3 |     119 |       0 |   0.0 |      23 |       0 |   0.0
        D:4 |     701 |      36 |   4.9 |      10 |       1 |   9.1
        D:5 |     517 |      40 |   7.2 |      16 |       1 |   5.9
        D:6 |     486 |     159 |  24.7 |      13 |       2 |  13.3
        D:7 |    1447 |     505 |  25.9 |      29 |       3 |   9.4
        D:8 |     821 |     741 |  47.4 |       9 |       3 |  25.0
        D:9 |     750 |       0 |   0.0 |      17 |       0 |   0.0
       D:10 |    1768 |    4307 |  70.9 |      20 |       7 |  25.9
       D:11 |    6820 |       0 |   0.0 |      48 |       0 |   0.0
       D:12 |    3023 |    5010 |  62.4 |      21 |      46 |  68.7
        Lab |       0 |    4975 | 100.0 |       0 |      17 | 100.0
    Ossuary |       0 |     294 | 100.0 |       0 |      14 | 100.0
            +---------+---------+-------+---------+---------+-------
